 Dungeon Crawl Stone Soup version 0.31-a0-1-g4198be8af4 (webtiles) character file.

Game seed: 13111646384566204595

152 ryw the Conjurer (level 5, -4/28 HPs)
             Began as a Deep Elf Hedge Wizard on May 2, 2023.
             Slain by a gnoll
             ... wielding a +0 halberd
              (5 damage)
             ... on level 3 of the Dungeon.
             The game lasted 00:08:17 (3699 turns).

ryw the Conjurer (Deep Elf Hedge Wizard)            Turns: 3699, Time: 00:08:18

Health: -4/28      AC:  3    Str:  7    XL:     5   Next: 11%
Magic:  8/13       EV: 12    Int: 21    God:
Gold:   142        SH:  0    Dex: 14    Spells: 7/12 levels left

rFire   . . .        a - +0 dagger
rCold   . . .        (no shield)
rNeg    . . .        b - +0 robe
rPois   .            c - +0 hat
rElec   .            (no cloak)
rCorr   .            g - +0 pair of gloves
SInv    .            (no boots)
Will    .....        (no amulet)
Stlth   ++           (no ring)
HPRegen 0.24/turn    (no ring)
MPRegen 0.13/turn

%: no passive effects
@: no status effects
A: no striking features
a: no special abilities


You were on level 3 of the Dungeon.
You visited 1 branch of the dungeon, and saw 3 of its levels.

You collected 142 gold pieces.

Inventory:

Hand Weapons
 a - a +0 dagger (weapon)
Armour
 b - a +0 robe (worn)
 c - a +0 hat (worn)
 g - a +0 pair of gloves (worn)
Jewellery
 p - a +6 ring of strength
Scrolls
 e - 2 scrolls of fear {unknown}
 k - a scroll of butterflies {unknown}
 m - a scroll of brand weapon {unknown}
 q - 2 scrolls of identify {unknown}
 r - a scroll of enchant armour {unknown}
 s - a scroll of noise {unknown}
Potions
 d - a potion of magic
 f - a potion of cancellation {unknown}
 h - 3 potions of berserk rage {unknown}
 i - 3 potions of lignification {unknown}
 j - a potion of curing {unknown}
 l - a potion of invisibility {unknown}
 n - a potion of might {unknown}
 o - 2 potions of attraction {unknown}
 u - a potion of heal wounds {unknown}


   Skills:
 - Level 2.4 Dodging
 - Level 2.4 Stealth
 - Level 4.4 Spellcasting
 - Level 5.0 Conjurations
 * Level 2.5 Summonings
 - Level 1.1 Translocations


You had 7 spell levels left.
You knew the following spells:

 Your Spells              Type           Power      Damage    Failure   Level
a - Magic Dart            Conj           100%       1d8       1%          1
b - Call Imp              Summ           30%        N/A       6%          2
c - Blink                 Tloc           18%        N/A       11%         2

Your spell library contained the following spells:

 Spells                   Type           Power      Damage    Failure   Level
 Slow                     Hex            16%        N/A       12%         1
 Cigotuvi's Dreadful Rot  Necr/Pois/Air  8%         N/A       17%         2
 Mephitic Cloud           Conj/Pois/Air  11%        N/A       17%         3


Dungeon Overview and Level Annotations

Branches:
Dungeon (3/15)

Altars:
Fedhas

Shops:
D:2 (   D:3 !

Annotations:
D:3 Natasha, Robin, Sigmund


Message History

The gnoll hits you from afar with a +0 halberd.
Casting: Magic Dart (safe; 1% risk of failure)
Confirm with . or Enter, or press ? or * to list all spells.
A tiny devil pulls itself out of the air.
A gnoll comes into view. It is wielding a +0 halberd.
The gnoll hits you from afar with a +0 halberd!
The gnoll hits you from afar with a +0 halberd.
* * * LOW HITPOINT WARNING * * *
You climb upwards.
Your summoned ally is left behind.
There is a stone staircase leading down here.
You start resting.
Magic restored.
You start resting.
HP restored.
There is an escape hatch in the floor here.
There is a stone staircase leading down here.
You see here a +0 antimagic dagger.
You climb downwards.
Level annotation: Natasha, Robin, Sigmund
There is a stone staircase leading up here.
Unknown command.
Casting: Call Imp (safe; 6% risk of failure)
Confirm with . or Enter, or press ? or * to list all spells.
A tiny devil pulls itself out of the air.
The magic dart hits the gnoll.
The gnoll is heavily wounded.
The gnoll misses you.
Your cerulean imp hits the gnoll but does no damage.
The magic dart hits the gnoll.
The gnoll is almost dead.
The gnoll hits you from afar with a +0 halberd!
Your cerulean imp hits the gnoll but does no damage.
The magic dart hits the gnoll but does no damage.
The gnoll is almost dead.
The gnoll hits you from afar with a +0 halberd!
Ouch! That really hurt!
* * * LOW HITPOINT WARNING * * *
Your cerulean imp hits the gnoll but does no damage.
The gnoll hits you from afar with a +0 halberd.
You die...

####..####g####.####### ##....#.#
#.# ####.#g####.# #.....##.## ###
##.##).#..# ..###### #.###.##.#
........## #.g##.##.# ...##
#..#####..#.##.#########..
.#..####5.....5.@.............. .
.[...)gh.)......##.........###...
###.###########....[.............
###... ###...#####..###...
..##### ###.#...#..# #..##
#.#...#g.# ....# #.#...#..######
..#.# #.##'##.....).# ..#.#
####....gP.P..#


You could see a gnoll (ally target) and a friendly cerulean imp (summoned).

Vanquished Creatures
  8 gnolls
  2 worms (D:2)
  A dart slug (D:2)
  7 ball pythons
  7 endoplasms
  3 giant cockroaches
  8 goblins
  4 hobgoblins
  6 jackals
  4 quokkas
  5 bats
  5 kobolds
  3 rats
63 creatures vanquished.

Vanquished Creatures (collateral kills)
  A goblin (D:3)
1 creature vanquished.

Grand Total: 64 creatures vanquished

Notes
Turn   | Place    | Note
-------+----------+-------------------------------------------
     0 | D:1      | ryw the Deep Elf Hedge Wizard began the quest for the Orb.
     0 | D:1      | Reached XP level 1. HP: 10/10 MP: 7/7
   234 | D:1      | Reached skill level 2 in Conjurations
   357 | D:1      | Reached XP level 2. HP: 15/15 MP: 6/9
   997 | D:1      | Reached skill level 3 in Conjurations
  1424 | D:2      | Reached XP level 3. HP: 19/19 MP: 7/10
  1451 | D:2      | Found Qahi's Antique Weapon Emporium.
  1855 | D:2      | Learned a level 2 spell: Call Imp
  1858 | D:2      | Learned a level 2 spell: Blink
  1938 | D:2      | Reached skill level 4 in Conjurations
  2040 | D:2      | Reached XP level 4. HP: 24/24 MP: 8/12
  2442 | D:2      | Reached skill level 5 in Conjurations
  2873 | D:3      | Noticed Robin
  2935 | D:3      | Noticed Natasha
  3037 | D:1      | Reached XP level 5. HP: 24/28 MP: 7/13
  3147 | D:3      | Found Zigahion's Distillery.
  3189 | D:3      | Found a blossoming altar of Fedhas.
  3387 | D:3      | Noticed Sigmund
  3698 | D:3      | HP: 1/28 [gnoll/+0 halberd (15)]
  3699 | D:3      | Slain by a gnoll

Illustrated notes

Levels and vault maps discovered:
D:1:      mrwooster_arrival_arrow, layout_loops_ring, serial_aquarium,
          aquarium_bridge_square [aquarium_subvault_bridge,
          aquarium_subvault_wall, aquarium_subvault_bridge,
          aquarium_subvault_wall], aquarium_bridge_square
          [aquarium_subvault_wall, aquarium_subvault_window,
          aquarium_subvault_bridge, aquarium_subvault_wall],
          aquarium_window_corner, aquarium_window_2, aquarium_window_1,
          aquarium_view_2e, aquarium_balcony_3a
D:2:      layout_loops_ring, serial_shops, shop
D:3:      layout_rooms, fedhas_altar_1, nemelex_spade_bored_becter,
          mainiacjoe_overflow_tiny_flanked, serial_shops, shop,
          nicolae_shop_tiny_statue_garden, eino_tiny_chamber, uniq_terence,
          uniq_robin, uniq_natasha, uniq_sigmund

Skill      XL: |  1  2  3  4 |
---------------+-------------+-----
Conjurations   | 2 3 4 5 |  5.0
Summonings     | 2 |  2.5
Dodging        | |  2.4
Stealth        | |  2.4
Spellcasting   | |  4.4
Translocations | |  1.1

Action                     |  1- 3 |  4- 6 || total
---------------------------+-------+-------++-------
  Melee: Dagger            |     5 |     4 ||     9
         Punch             |       |     2 ||     2
   Cast: Magic Dart        |    98 |    84 ||   182
         Call Imp          |       |     7 ||     7
         Blink             |       |     2 ||     2
 Armour: Robe              |     4 |    17 ||    21
  Dodge: Dodged            |    20 |    40 ||    60

Table legend: (Time is in decaauts)
 A = Elapsed time spent in this place.
 B = Non-inter-level travel time spent in this place.
 C = Inter-level travel time spent in this place.
 D = Time resting spent in this place.
 E = Time spent auto-exploring this place.
 F = Levels seen in this place.
 G = Mean time per level.
                   A        B        C        D        E       F      G
               +--------+--------+--------+--------+--------+-----+--------+
         Total |   3705 |   3469 |    236 |    836 |   2055 |   3 | 1235.0 |
       Dungeon |   3705 |   3469 |    236 |    836 |   2055 |   3 | 1235.0 |
               +--------+--------+--------+--------+--------+-----+--------+

Top non-repeatable levels by time:
     D:2: 2030 daAuts
     D:1: 1431 daAuts
     D:3: 243 daAuts
